 Dungeon Sprint DCSS version 0.29-a0-284-gf9362112df (webtiles) character file.

Game seed: 7089438676349751211

2193 mhtbhm the Severer (level 9, -1/95 HPs)
             Began as a Minotaur Berserker on Mar 20, 2022.
             Was the Champion of Trog.
             Slain by a hornet (11 damage)
             ... in the Dungeon (Sprint VII: "The Pits").
             The game lasted 00:02:46 (1306 turns).

mhtbhm the Severer (Minotaur Berserker)             Turns: 1306, Time: 00:02:47

Health: -1/95      AC: 12    Str: 31    XL:     9   Next: 12%
Magic:  8/8        EV: 13    Int:  4    God:    Trog [******]
Gold:   0          SH:  0    Dex: 11    Spells: 8/8 levels left

rFire   + . .      SeeInvis .   a - +11 broad axe "Sut Ihi" {vorpal, rF+}
rCold   . . .      Faith    .   (no shield)
rNeg    . . .      Spirit   .   b - +4 scale mail
rPois   .          Reflect  .   (helmet restricted)
rElec   .          Harm     .   (no cloak)
rCorr   .          Rampage  .   (no gloves)
Will    .....      NoTele   +   (no boots)
Stlth   ..........              (no amulet)
HPRegen 0.25/turn               l - +3 ring of strength
MPRegen 0.11/turn               m - +3 ring of strength

@: on berserk cooldown, slowed, very slow
A: horns 2, retaliatory headbutt
a: Renounce Religion, Berserk, Trog's Hand, Brothers in Arms


You were in the Dungeon.
You worshipped Trog.
Trog was exalted by your worship.
You visited 1 branch

Inventory:

Hand Weapons
 a - the +11 broad axe "Sut Ihi" (weapon) {vorpal, rF+}
   (Trog gifted it to you in the Dungeon)

   It inflicts extra damage upon your enemies.
   rF:        It protects you from fire.
 k - a +4 vorpal hand axe
Armour
 b - a +4 scale mail (worn)
Jewellery
 l - a +3 ring of strength (left hand)
 m - a +3 ring of strength (right hand)
Scrolls
 h - a scroll of blinking
 j - a scroll of summoning
Potions
 c - 5 potions of curing
 d - 9 potions of heal wounds
 e - 4 potions of haste
 f - 4 potions of magic
 g - 3 potions of berserk rage
 i - 2 potions of invisibility
 n - 3 potions of mutation


   Skills:
 + Level 14.2 Fighting
 + Level 15.5 Axes
 + Level 10.5 Armour
 + Level 8.8 Dodging


You had 8 spell levels left.
You didn't know any spells.
Your spell library was empty.

Dungeon Overview and Level Annotations

Branches:
Dungeon (1/1)

Altars:
Cheibriados
Dithmenos
Elyvilon
Fedhas
Gozag
Hepliaklqana
Makhleb
Nemelex Xobeh
Okawaru
Qazlal
Ru
Sif Muna
Trog
Wu Jian
Xom
Yredelemnul
Zin
The Shining One
Jiyva


Innate Abilities, Weirdness & Mutations

You have a pair of horns on your head.
You reflexively headbutt those who attack you in melee.


Message History

You slice the acid dragon!!
You feel the power of Trog in you as your rage grows.
You kill the acid dragon!
Trog accepts your kill.
Your Fighting skill increases to level 14!
Your Axes skill increases to level 15!
Your Armour skill increases to level 10!
You slice the demonic crawler!! You headbutt the demonic crawler.
The demonic crawler is severely wounded.
Unknown command.
You slash the demonic crawler!
You kill the demonic crawler!
Trog accepts your kill.
You have reached level 9!
Your experience leads to an increase in your attributes!
Your base attributes are Str 23, Int 4, Dex 11.
Increase (S)trength, (I)ntelligence, or (D)exterity?
You feel stronger. x2
You see here a demonic crawler corpse.
You feel a strong urge to attack something.
You see here a jumping spider corpse.
You start resting.
You feel your anger nearly subside.
You start resting.
You are no longer berserk.
You are exhausted.
You feel yourself slow down.
A ynoxinul comes into view.
A ynoxinul is nearby!
A ynoxinul is nearby!
The ynoxinul bellows!
A hornet comes into view.
The hornet buzzes angrily.
The ynoxinul gestures at you. The iron shot hits you!!
The ynoxinul gestures at you. The iron shot hits you!!
* * * LOW HITPOINT WARNING * * *
The hornet stings you!
You die...

#++# #... #...
#..# #..# #y3#
###### #.@# .##..#
#..# .##..# #..#
.''..# #..#
.''..##########††#
.##..).).........#
.##...)).........#
##################


You could see a hornet and a ynoxinul.

Vanquished Creatures
  An eye of devastation (D)
  A demonic crawler (D)
  An ice devil (D)
  A jumping spider (D)
  A shadow (D)
  An acid dragon (D)
  A floating eye (D)
  Pargi (D)
  A sky beast (D)
  An ogre (D)
  10 wights (D)
  A gnoll shaman (D)
  An adder (D)
  3 gnolls (D)
  2 orcs (D)
  An endoplasm (D)
  A goblin (D)
  A quokka (D)
  2 ball pythons (D)
  A ball python zombie (D)
  4 kobolds (D)
37 creatures vanquished.

Notes
Turn   | Place    | Note
-------+----------+-------------------------------------------
     0 | D        | mhtbhm the Minotaur Berserker began the quest for the Orb.
     0 | D        | Reached XP level 1. HP: 19/19 MP: 0/0
   133 | D        | Found a bloodstained altar of Trog.
   133 | D        | Found a shimmering blue altar of Sif Muna.
   133 | D        | Found a viscous altar of Jiyva.
   133 | D        | Found a hazy altar of Hepliaklqana.
   133 | D        | Found an opulent altar of Gozag.
   167 | D        | HP: 1/20 [gnoll/+0 club (6)]
   168 | D        | Reached skill level 4 in Axes
   169 | D        | Reached ** piety under Trog
   170 | D        | Reached XP level 2. HP: 28/28 MP: 1/1
   184 | D        | Reached skill level 5 in Fighting
   184 | D        | Reached skill level 5 in Axes
   190 | D        | Noticed a floating eye
   194 | D        | Killed a floating eye
   194 | D        | Reached *** piety under Trog
   195 | D        | Reached skill level 7 in Axes
   195 | D        | Reached XP level 3. HP: 40/40 MP: 2/2
   195 | D        | Reached XP level 4. HP: 48/48 MP: 3/3
   313 | D        | Found a glowing golden altar of the Shining One.
   313 | D        | Found a glowing silver altar of Zin.
   313 | D        | Found a basalt altar of Yredelemnul.
   313 | D        | Found a shimmering altar of Xom.
   313 | D        | Found an ornate altar of the Wu Jian Council.
   313 | D        | Found a sacrificial altar of Ru.
   313 | D        | Found a stormy altar of Qazlal.
   313 | D        | Found an iron altar of Okawaru.
   313 | D        | Found a sparkling altar of Nemelex Xobeh.
   313 | D        | Found a burning altar of Makhleb.
   313 | D        | Found a blossoming altar of Fedhas.
   313 | D        | Found a white marble altar of Elyvilon.
   313 | D        | Found a shadowy altar of Dithmenos.
   313 | D        | Found a snail-covered altar of Cheibriados.
   343 | D        | Reached skill level 8 in Axes
   343 | D        | Reached skill level 5 in Dodging
   343 | D        | Reached XP level 5. HP: 56/56 MP: 4/4
   344 | D        | Reached **** piety under Trog
   345 | D        | Reached skill level 10 in Fighting
   345 | D        | Reached skill level 9 in Axes
   345 | D        | Reached skill level 5 in Armour
   345 | D        | Reached XP level 6. HP: 66/66 MP: 5/5
   347 | D        | Reached ***** piety under Trog
   349 | D        | Reached skill level 10 in Axes
   409 | D        | Noticed a shadow
   411 | D        | Killed a shadow
   412 | D        | Reached skill level 11 in Axes
   412 | D        | Reached XP level 7. HP: 74/74 MP: 6/6
   568 | D        | Identified the +11 broad axe "Sut Ihi" {vorpal, rF+} (Trog
                  | gifted it to you in the Dungeon)
   568 | D        | Received a gift from Trog
   569 | D        | Reached skill level 12 in Axes
   902 | D        | Noticed Pargi
   902 | D        | Noticed an ice devil
   908 | D        | Killed Pargi
   920 | D        | Killed an ice devil
   921 | D        | Reached skill level 13 in Axes
   921 | D        | Reached XP level 8. HP: 67/86 MP: 7/7
  1210 | D        | Noticed an eye of devastation
  1219 | D        | Killed an eye of devastation
  1219 | D        | Reached ****** piety under Trog
  1220 | D        | Reached skill level 14 in Axes
  1220 | D        | Received a gift from Trog
  1292 | D        | Noticed a jumping spider
  1292 | D        | Noticed a demonic crawler
  1295 | D        | Killed a jumping spider
  1296 | D        | Reached skill level 15 in Axes
  1296 | D        | Reached skill level 10 in Armour
  1297 | D        | Killed a demonic crawler
  1298 | D        | Reached XP level 9. HP: 95/95 MP: 8/8
  1306 | D        | Slain by a hornet

Illustrated notes

Levels and vault maps discovered:
D:        pitsprint [storerooms_1, entrance_room_1, metal_vault_3, armoury_1,
          mini_pit_1, grid_room_1, main_hall_1, silver_pit, the_coven_1,
          the_vestibule_1, steel_vault_2, golden_pit, hallway_of_sentries,
          crystal_vault_6, iron_vault_4, final_vault]

Skill      XL: |  1  2  3  4  5  6  7  8 |
---------------+-------------------------+-----
Fighting       | 4 7 8 10 11 13 14 | 14.2
Axes           | 4 7 8 9 11 13 15 | 15.5
Armour         | 4 5 6 8 10 | 10.5
Dodging        | 4 5 6 7 8 |  8.8

Action                   |  1- 3 |  4- 6 |  7- 9 || total
-------------------------+-------+-------+-------++-------
Melee: Hand axe          |     9 |    15 |       ||    24
       Headbutt          |     2 |       |     3 ||     5
       Battleaxe         |       |     2 |     8 ||    10
       Broad axe         |       |       |    24 ||    24
Invok: Berserk           |     1 |     2 |     3 ||     6
  Use: Potion            |     1 |       |     2 ||     3
Armor: Animal skin       |     1 |       |       ||     1
       Chain mail        |       |     3 |    10 ||    13
       Scale mail        |       |       |     2 ||     2
Dodge: Dodged            |     5 |     5 |    12 ||    22

Table legend: (Time is in decaauts)
 A = Elapsed time spent in this place.
 B = Non-inter-level travel time spent in this place.
 C = Inter-level travel time spent in this place.
 D = Time resting spent in this place.
 E = Time spent auto-exploring this place.
 F = Levels seen in this place.
 G = Mean time per level.
                   A        B        C        D        E       F      G
               +--------+--------+--------+--------+--------+-----+--------+
         Total |   1344 |   1344 |      0 |    887 |     63 |   1 | 1344.0 |
       Dungeon |   1344 |   1344 |      0 |    887 |     63 |   1 | 1344.0 |
               +--------+--------+--------+--------+--------+-----+--------+

Top non-repeatable levels by time:
       D: 1344 daAuts
